 Dungeon Crawl Stone Soup version 0.18.1-8-gdd0e5ea (webtiles) character file.

4659 raph the Slicer (level 10, -1/94 HPs)
             Began as a Kobold Berserker on May 24, 2016.
             Was a High Priest of Trog.
             Slain by Joseph
             ... wielding a +2 quarterstaff of crushing
              (20 damage)
             ... on level 1 of the Lair of Beasts.
             The game lasted 00:23:32 (8593 turns).

raph the Slicer (Kobold Berserker)                  Turns: 8593, Time: 00:23:33

Health: -1/94      AC: 11    Str: 23    XL:     10   Next: 71%
Magic:  14/14      EV: 19    Int:  5    God:    Trog [*****.]
Gold:   403        SH:  0    Dex: 17    Spells: 0 memorised, 9 levels left

rFire  . . .     SeeInvis .     f - +2 short sword (venom)
rCold  + . .     Gourm    .     I - +2 leather armour {rC+}
rNeg   + . .     Faith    .     (shield restricted)
rPois  .         Spirit   .     n - +1 helmet
rElec  .         Dismiss  .     e - +0 cloak
rCorr  +         Reflect  .     q - +0 pair of gloves
SustAt .         Harm     .     o - +0 pair of boots
MR     .....                    (no amulet)
Stlth  ..........               B - ring of positive energy
                                N - ring of resist corrosion

@: berserking, lethally poisoned (-1 -> -8), very quick, not resistant to
hostile enchantments, extremely unstealthy
A: carnivore 3
a: Berserk, Trog's Hand, Brothers in Arms, Burn Spellbooks, Renounce Religion


You were on level 1 of the Lair of Beasts.
You worshipped Trog.
Trog was extremely pleased with you.
You were very full.

You visited 2 branches of the dungeon, and saw 9 of its levels.

You collected 403 gold pieces.

Inventory:

Hand Weapons
 a - a +0 short sword
 b - a +0 rapier
 f - a +2 short sword of venom (weapon)
 i - a +2 short sword of freezing
 u - a +1 dagger of freezing
 F - a +2 short sword of draining
 G - a +1 dagger of holy wrath
 H - a +0 rapier of venom
Missiles
 K - 3 tomahawks (quivered)
Armour
 e - a +0 cloak (worn)
 n - a +1 helmet (worn)
 o - a +0 pair of boots (worn)
 q - a +0 pair of gloves (worn)
 y - a +3 ring mail
 I - a +2 leather armour of cold resistance (worn)
 J - a +4 scale mail
 P - a mottled dragon hide
Jewellery
 d - an uncursed ring of magical power
 B - a ring of positive energy (right hand)
 N - a ring of resist corrosion (left hand)
Wands
 p - a wand of enslavement (5/24)
 s - a wand of flame (30/48)
 t - a wand of confusion (20/48)
 L - a wand of flame (48/48)
Scrolls
 k - a scroll of fear
 l - a scroll of remove curse
 m - 2 scrolls of magic mapping
 C - a scroll of fog
Potions
 h - a potion of cure mutation
 j - a potion of might
 r - 5 potions of curing
 v - 2 potions of magic
 w - 2 potions of resistance
 x - 2 potions of haste
 z - 2 potions of agility {unknown}
 E - 4 potions of flight
Books
 A - an Akashic Record

   Spells                             Type                      Level
   a - Dispersal                      Translocation                6
   b - Malign Gateway                 Summoning/Translocation      7
   c - Disjunction                    Translocation                8
   d - Controlled Blink               Translocation                8
   Trog disapproves of the use of such an item.
 D - a book of the Warp

   Spells                             Type                      Level
   a - Recall                         Summoning/Translocation      3
   b - Gell's Gravitas                Hexes/Translocation          3
   c - Force Lance                    Conjuration/Translocation    4
   d - Warp Weapon                    Charms/Translocation         5
   e - Summon Forest                  Summoning/Translocation      5
   Trog disapproves of the use of such an item.
Comestibles
 c - 3 meat rations
 g - 3 beef jerkies
 O - 2 slices of pizza


   Skills:
 + Level 7.4 Fighting
 * Level 11.4 Short Blades
 + Level 3.9 Throwing
 + Level 5.3 Armour
 + Level 7.3 Dodging
 + Level 1.5 Stealth
 - Level 6.3 Evocations


You had 9 spell levels left.
You didn't know any spells.

Dungeon Overview and Level Annotations

Branches:
Dungeon (8/15)             Temple (0/1) D:6            Lair (1/8) D:8

Altars:
Ashenzari
Cheibriados
Elyvilon
Kikubaaqudgha
Pakellas
Vehumet

Annotations:
D:3 Wooh's ghost, amateur DrSk
Lair:1 Joseph


Innate Abilities, Weirdness & Mutations

You are small and have problems with some larger weapons.
You are carnivorous and can eat meat at any time.


Message History

Joseph is severely wounded.
You feel sick.
You puncture Joseph!
Joseph is almost dead.
You feel sick.
You kill the spiny frog!
Trog accepts your kill.
Joseph unwields an uncursed quarterstaff of crushing.
Joseph wields an uncursed hunting sling of freezing.
It is covered in frost.
Joseph shoots a sling bullet.
The sling bullet misses you.
Found 11 gold pieces.
You feel a strong urge to attack something.
You feel sick.
You puncture Joseph!
Joseph is almost dead.
Joseph unwields an uncursed hunting sling of freezing.
Joseph wields an uncursed quarterstaff of crushing.
Joseph hits you with an uncursed quarterstaff of crushing!!
You die...

...............
....................
.......<.........?..
.P##............#.#
####..........#
#.........##
#.........P#
#.......@.#
##...(.(@..#
#^.(.......#
##.............
#..............
#...............
##.(............
#♣..♣♣.........
♣♣♣♣♣.........
♣.......$


You could see Joseph.

Vanquished Creatures
  The ghost of Tux the Grappler, a novice VSMo (D:8)
  A spiny frog (Lair:1)
  A yak (D:8)
  Eustachio (D:6)
  A mottled dragon (D:8)
  The ghost of Scuka the Skirmisher, an amateur GrFi (D:5)
  A water moccasin (D:8)
  An orc warrior (D:6)
  An ice beast (D:8)
  A sky beast (D:8)
  A black bear (D:7)
  2 phantoms (D:7)
  An eye of draining (D:8)
  2 centaurs
  5 ogres
  A big kobold (D:7)
  A gnoll sergeant (D:7)
  8 giant frogs
  3 scorpions
  5 wights (D:6)
  2 crimson imps
  4 hounds
  2 orc priests
  11 orc wizards
  2 giant frog skeletons
  2 iguanas
  3 worker ants
  A hound skeleton (D:8)
  A howler monkey zombie (D:5)
  A worker ant zombie (D:7)
  9 adders
  4 gnolls (D:7)
  4 shadow imps
  An ooze (D:3)
  An adder skeleton (D:7)
  3 dart slugs
  4 worms
  4 giant geckos
  30 orcs
  9 bats
  4 giant cockroaches
  12 goblins
  11 hobgoblins
  8 jackals
  14 kobolds
  3 quokkas
  2 ball pythons
  A giant gecko skeleton (D:4)
  6 giant newts
  4 rats
202 creatures vanquished.

Notes
Turn   | Place    | Note
--------------------------------------------------------------
     0 | D:1      | raph the Kobold Berserker began the quest for the Orb.
     0 | D:1      | Reached XP level 1. HP: 14/14 MP: 1/1
     3 | D:1      | Noticed an electric eel
     3 | D:1      | Noticed an electric eel
   303 | D:1      | Reached XP level 2. HP: 9/19 MP: 2/2
   635 | D:1      | Reached XP level 3. HP: 23/23 MP: 3/3
   775 | D:1      | Reached ** piety under Trog
  1322 | D:2      | Reached XP level 4. HP: 28/28 MP: 4/4
  1915 | D:2      | Reached skill level 5 in Short Blades
  1969 | D:2      | Found an ancient bone altar of Kikubaaqudgha.
  2662 | D:3      | Reached XP level 5. HP: 31/33 MP: 5/5
  2734 | D:3      | Noticed Wooh's ghost (amateur DrSk)
  2789 | D:4      | Noticed a giant frog
  2806 | D:4      | Killed a giant frog
  2806 | D:4      | Reached skill level 1 in Evocations
  3188 | D:3      | Reached *** piety under Trog
  3703 | D:4      | Reached XP level 6. HP: 38/38 MP: 7/7
  3802 | D:4      | Noticed an ogre
  3819 | D:4      | Killed an ogre
  3819 | D:4      | Reached skill level 6 in Short Blades
  4417 | D:5      | Entered Level 5 of the Dungeon
  4425 | D:5      | Reached XP level 7. HP: 44/44 MP: 8/8
  4474 | D:5      | Noticed Scuka's ghost (amateur GrFi)
  4655 | D:5      | Killed Scuka's ghost
  4711 | D:5      | Reached skill level 7 in Short Blades
  4893 | D:6      | Noticed Eustachio
  4908 | D:6      | Reached skill level 5 in Fighting
  4908 | D:6      | Reached XP level 8. HP: 49/49 MP: 10/10
  5000 | D:6      | Killed Eustachio
  5256 | D:6      | Found a snail-covered altar of Cheibriados.
  5303 | D:6      | Reached skill level 8 in Short Blades
  5415 | D:6      | Found an oddly glowing altar of Pakellas.
  5527 | D:6      | Reached **** piety under Trog
  5672 | D:6      | Reached skill level 5 in Dodging
  5926 | D:6      | Found a staircase to the Ecumenical Temple.
  6047 | D:6      | Found a radiant altar of Vehumet.
  6121 | D:6      | Reached XP level 9. HP: 39/55 MP: 12/12
  6297 | D:6      | Reached skill level 9 in Short Blades
  6556 | D:7      | Reached skill level 5 in Evocations
  6562 | D:7      | Found a shattered altar of Ashenzari.
  6720 | D:7      | Reached skill level 10 in Short Blades
  6851 | D:7      | Reached skill level 1 in Throwing
  7057 | D:7      | Reached ***** piety under Trog
  7386 | D:8      | Noticed Tux's ghost (novice VSMo)
  7407 | D:8      | Killed Tux's ghost
  7407 | D:8      | Reached XP level 10. HP: 61/61 MP: 14/14
  7413 | D:8      | Reached skill level 5 in Armour
  7520 | D:8      | Reached skill level 11 in Short Blades
  7809 | D:8      | Found a staircase to the Lair.
  7957 | D:8      | Found a white marble altar of Elyvilon.
  8309 | D:8      | Reached skill level 1 in Stealth
  8561 | Lair:1   | Entered Level 1 of the Lair of Beasts
  8568 | Lair:1   | Noticed Joseph
  8568 | Lair:1   | Noticed a spiny frog
  8590 | Lair:1   | Killed a spiny frog
  8593 | Lair:1   | Slain by Joseph

Skill      XL: |  1  2  3  4  5  6  7  8  9 10 |
---------------+-------------------------------+-----
Armour         | 2 3 4 5 |  5.3
Dodging        | 3 4 5 6 7 |  7.3
Short Blades   | 5 6 7 8 10 11 | 11.4
Fighting       | 4 5 6 7 |  7.4
Evocations     | 1 2 3 4 5 6 |  6.3
Throwing       | 2 3 |  3.9
Stealth        | 1 |  1.5

Action                   |  1- 3 |  4- 6 |  7- 9 | 10-12 || total
-------------------------+-------+-------+-------+-------++-------
Melee: Short sword       |    99 |   191 |   373 |   171 ||   834
       Dagger            |       |       |    46 |    10 ||    56
Throw: Tomahawk          |       |       |     2 |       ||     2
Invok: Berserk           |     2 |     2 |    11 |     2 ||    17
  Use: Scroll            |       |     7 |    12 |     2 ||    21
 Stab: Sleeping          |     1 |     1 |       |       ||     2
  Eat: Chunk             |    10 |    14 |    19 |     5 ||    48
Armor: Animal skin       |     7 |    19 |       |       ||    26
       Leather armour    |       |    10 |    46 |    35 ||    91
       Ring mail         |       |    12 |    65 |       ||    77
Dodge: Dodged            |    78 |   127 |   296 |    84 ||   585
